 Dungeon Crawl Stone Soup version 0.31-a0-489-g282fc92437 (webtiles) character file.

Game seed: 8546154346294676559

33 Ethylacetat the Cutter (level 3, -5/25 HPs)
             Began as an Octopode Gladiator on Aug 8, 2023.
             Slain by a +0 glaive of electrocution (9 damage)
             ... created by the rancor of the Wu Jian Council
             ... on level 1 of the Dungeon.
             The game lasted 00:01:52 (647 turns).

Ethylacetat the Cutter (Octopode Gladiator)          Turns: 647, Time: 00:01:53

Health: -5/25      AC:  1    Str: 13    XL:     3   Next: 29%
Magic:  3/3        EV: 14    Int: 10    God:
Gold:   14         SH:  0    Dex: 15    Spells: 2/2 levels left

rFire   . . .        h - +1 trident (venom)
rCold   . . .        (no shield)
rNeg    . . .        b - +0 hat
rPois   .            (no amulet)
rElec   .            j - ring of willpower
rCorr   .            (no ring)
SInv    .            (no ring)
Will    +....        (no ring)
Stlth   +            (no ring)
HPRegen 0.24/turn    (no ring)
MPRegen 0.08/turn    (no ring)
                     (no ring)

%: no passive effects
@: silenced (expiring)
A: almost no armour, amphibious, 8 rings, camouflage 1, gelatinous body 1,
(nimble swimmer 1), tentacles
a: no special abilities


You were on level 1 of the Dungeon.
You visited 1 branch of the dungeon, and saw 1 of its levels.

You collected 14 gold pieces.

Inventory:

Hand Weapons
 a - a +0 rapier
 h - a +1 trident of venom (weapon)
Missiles
 c - 3 throwing nets (quivered)
 d - a javelin
Armour
 b - a +0 hat (worn)
Jewellery
 j - a ring of willpower (left tentacle)
Scrolls
 e - a scroll of amnesia {unknown}
 f - a scroll of identify {unknown}
 g - a scroll of fog {unknown}
Potions
 i - a potion of magic {unknown}


   Skills:
 + Level 2.9 Fighting
 + Level 3.6 Short Blades
 - Level 2.0 Throwing
 - Level 3.0 Dodging


You had 2 spell levels left.
You didn't know any spells.
Your spell library contained the following spells:

 Spells                   Type           Power      Damage    Failure   Level
 Shock                    Conj/Air       0%         1d3       36%         1
 Swiftness                Air            0%         N/A       75%         3
 Airstrike                Air            0%         2d(0-16)  98%         4


Dungeon Overview and Level Annotations

Branches:
Dungeon (1/15)

Altars:
Wu Jian


Innate Abilities, Weirdness & Mutations

You cannot wear most types of armour.
You are amphibious.
You can wear up to eight rings at the same time.
Your skin changes colour to match your surroundings (Stealth+).
Your rubbery body absorbs attacks. (AC +1, EV +1)
((You are camouflaged when in or above water. (Stealth+)))
You have tentacles for arms and can constrict up to eight enemies at once.


Message History

You constrict the ball python.
You kill the ball python!
No target in view!
A dart slug comes into view.
A dart slug is nearby!
A dart slug is nearby!
You reach to attack!
You hit the dart slug.
The dart slug is poisoned.
The dart slug is heavily wounded.
You kill the dart slug!
No target in view!
You see here a +0 ring mail.
Sifu Ma Yunglu whispers: These will loosen your tongue!
A +4 rapier of flaming, a +0 glaive of electrocution, a +2 great sword of flaming and a +2 broad axe of freezing come into view.
You reach to attack!
You hit the +0 glaive of electrocution but do no damage.
There are monsters nearby!
You reach to attack!
You hit the +0 glaive of electrocution but do no damage.
There are monsters nearby!
You see here a +0 ring mail.
Okay, then.
You hit the +4 rapier of flaming but do no damage.
You grab the +4 rapier of flaming. You constrict the +4 rapier of flaming.
The +4 rapier of flaming hits you. The +4 rapier of flaming burns you.
Unknown command.
You puncture the +4 rapier of flaming!
You destroy the +4 rapier of flaming!
That felt strangely unrewarding.
You hit the +2 broad axe of freezing.
You destroy the +2 broad axe of freezing!
That felt strangely unrewarding.
You completely miss the +2 great sword of flaming.
You grab the +2 great sword of flaming.
You constrict the +2 great sword of flaming, but do no damage.
The +2 great sword of flaming hits you!
Ouch! That really hurt!
The +2 great sword of flaming burns you.
* * * LOW HITPOINT WARNING * * *
The +0 glaive of electrocution hits you from afar!
You die...

#.##..#######'''#######......
#####.##...##...........##.......
#....(.....##...........##..†..##
......##....###.......###...#...#
......##.##[..##'''''##...###..>#
.....###.###.............## #...#
#...####.# ####..#.#..#..####...#
##.......######.##...#.........##
#.####.........@((#.#..########
#.###.......#####.#.#.#.##
#.PP.PPPP.P.#####.#.#.#..#######
#..†~♣P~PP.P.#......#.#.#.##....
##P.~~~≈≈♣~~~.~)#.###.#.##...###
##.P~P~~♣≈≈~PP.P.##..#.[##.##
#.#..PPP~≈~♣~PPP....######.###
#.....~P~♣≈≈~~P......##..#..##
##..##P~~~♣♣♣~~P..#...##.#..##


You could see 2 dancing weapons.

Vanquished Creatures
  2 dancing weapons (D:1)
  2 dart slugs (D:1)
  3 ball pythons (D:1)
  4 bats (D:1)
  3 endoplasms (D:1)
  3 giant cockroaches (D:1)
  4 goblins (D:1)
  2 hobgoblins (D:1)
  A quokka (D:1)
  2 frilled lizards (D:1)
  A rat (D:1)
27 creatures vanquished.

Notes
Turn   | Place    | Note
-------+----------+-------------------------------------------
     0 | D:1      | Ethylacetat the Octopode Gladiator began the quest for the
                  | Orb.
     0 | D:1      | Reached XP level 1. HP: 14/14 MP: 1/1
   105 | D:1      | Reached XP level 2. HP: 20/20 MP: 2/2
   313 | D:1      | Found a faded altar of an unknown god.
   363 | D:1      | Prayed at the altar of an unknown god.
   363 | D:1      | Became a worshipper of the Wu Jian Council
   363 | D:1      | Reached * piety under Wu Jian
   364 | D:1      | Fell from the grace of Wu Jian
   491 | D:1      | Reached XP level 3. HP: 23/25 MP: 3/3
   640 | D:1      | Noticed a +4 rapier of flaming
   640 | D:1      | Noticed a +0 glaive of electrocution
   640 | D:1      | Noticed a +2 great sword of flaming
   640 | D:1      | Noticed a +2 broad axe of freezing
   645 | D:1      | Killed a +4 rapier of flaming
   646 | D:1      | Killed a +2 broad axe of freezing
   647 | D:1      | Slain by a +0 glaive of electrocution

Illustrated notes

Levels and vault maps discovered:
D:1:      lordsloth_arrival_two_stooges, layout_loops_cross,
          chequers_ecumenical_altar_lobes, serial_bayou, serial_bayou_ford_a,
          serial_bayou_pond_d, serial_bayou_pond_b, serial_bayou_lagoon_a,
          minmay_cut_off

Action                     || total
---------------------------++-------
  Melee: Rapier            ||    35
         Constrict         ||    17
         Tentacles         ||     7
         Trident           ||    18
 Invoke: Renounce Religion ||     1
   Stab: Sleeping          ||    10
 Armour: Skin              ||     1
  Dodge: Dodged            ||    21

Table legend: (Time is in decaauts)
 A = Elapsed time spent in this place.
 B = Non-inter-level travel time spent in this place.
 C = Inter-level travel time spent in this place.
 D = Time resting spent in this place.
 E = Time spent auto-exploring this place.
 F = Levels seen in this place.
 G = Mean time per level.
                   A        B        C        D        E       F      G
               +--------+--------+--------+--------+--------+-----+--------+
         Total |    652 |    621 |     31 |      0 |    455 |   1 |  652.0 |
       Dungeon |    652 |    621 |     31 |      0 |    455 |   1 |  652.0 |
               +--------+--------+--------+--------+--------+-----+--------+

Top non-repeatable levels by time:
     D:1: 652 daAuts
